 Dungeon Crawl Stone Soup version 0.21-a0-538-gd16b88a (webtiles) character file.

28 Amnesiac the Shield-Bearer (level 3, 25/25 HPs)
             Began as a Halfling Fighter on Dec 16, 2017.
             Quit the game on level 2 of the Dungeon.
             The game lasted 00:01:22 (957 turns).

Amnesiac the Shield-Bearer (Halfling Fighter)        Turns: 957, Time: 00:01:23

Health: 25/25      AC:  6    Str: 18    XL:     3   Next: 30%
Magic:  3/3        EV:  9    Int:  6    God:
Gold:   35         SH:  9    Dex: 13    Spells: 2/2 levels left

rFire    . . .     SeeInvis .   j - +3 dagger
rCold    . . .     Gourm    .   c - +0 shield
rNeg     . . .     Faith    .   b - +0 scale mail
rPois    .         Spirit   .   (no helmet)
rElec    .         Reflect  .   (no cloak)
rCorr    .         Harm     .   (no gloves)
MR       .....                  (no boots)
Stlth    ..........             m - amulet of magic regeneration
HPRegen  0.08/turn              (no ring)
MPRegen  0.33/turn              (no ring)

@: no status effects
A: small, mutation resistance 1
a: no special abilities


You were on level 2 of the Dungeon.
You were not hungry.

You visited 1 branch of the dungeon, and saw 2 of its levels.

You collected 35 gold pieces.

Inventory:

Hand Weapons
 e - a +0 hunting sling
 j - a +3 dagger (weapon)
Missiles
 i - 15 poisoned needles
 k - 20 stones (quivered)
Armour
 b - a +0 scale mail (worn)
 c - a +0 shield (worn)
Jewellery
 m - an amulet of magic regeneration (around neck)
Scrolls
 h - 2 scrolls of identify {!r, unknown}
 n - a scroll of remove curse {!r, unknown}
Potions
 d - a potion of might {!q}
 l - a potion of degeneration {!q, unknown}
Comestibles
 f - 2 bread rations
 g - 5 fruits


   Skills:
 - Level 2.6 Fighting
 - Level 2.4 Short Blades
 + Level 0.0(1.8) Slings
 - Level 2.1 Throwing
 - Level 3.2 Armour
 + Level 1.5 Dodging
 - Level 3.2 Shields


You had 2 spell levels left.
You didn't know any spells.

Dungeon Overview and Level Annotations

Branches:
Dungeon (2/15)

Altars:


Innate Abilities, Weirdness & Mutations

You are small and have problems with some larger weapons.
You are somewhat resistant to further mutation.


Message History

Things that are here:
a dagger; a goblin skeleton Done exploring.
No target in view!
Done exploring.
No target in view!
Done exploring.
No target in view!
Done exploring.
Search for what [? for help]? ench
Things that are here:
a dagger; a goblin skeleton
There is a stone staircase leading down here.
You see here an enchanted dagger.
j - an enchanted dagger Unknown command.
There is a stone staircase leading down here.
You climb downwards.
An adder comes into view.
There is a stone staircase leading up here.
Wield which item (- for none, * to show all)? (? for menu, Esc to quit)
j - a +3 dagger (weapon)
Drop what? 14/52 slots (_ for help) (? for menu, Esc to quit)
You drop a +0 rapier.
You closely miss the adder. You block the adder's attack.
You barely miss the adder. You block the adder's attack.
You miss the adder. You block the adder's attack. x2
You hit the adder.
The adder is lightly wounded.
You block the adder's attack.
Put on which piece of jewellery? (? for menu, Esc to quit)
The amulet hums as it attunes itself to your energized body.
m - an amulet of magic regeneration (around neck)
The adder bites you but does no damage.
You hit the adder.
The adder is heavily wounded.
You block the adder's attack.
You hit the adder.
The adder is heavily wounded.
You block the adder's attack.
You hit the adder.
The adder is almost dead.
The adder bites you but does no damage.
You hit the adder but do no damage.
The adder is almost dead.
You block the adder's attack. The adder bites you but does no damage.
You hit the adder.
You kill the adder!
Your Throwing skill increases to level 2!
You have reached level 3!
Your experience leads to an increase in your attributes!
Increase (S)trength, (I)ntelligence, or (D)exterity?
You feel stronger. As you open the door, it creaks loudly!
There is an open door here.
A worm comes into view.
A worm is nearby!
A worm is nearby!
A dart slug comes into view.
The dart slug launches a dart at you. You block the slug dart.
Found a fizzy golden potion.
There are monsters nearby!
Are you sure you want to abandon this character and quit the game? (Confirm with "yes".)

#...# #...####
#...'..#
#..)##.#
#...<#.#
#....#.#######
##+#.#.......#
#.#.......#
#.#@......#
#+#.......#
.w....###
.......#
........#
.........#
..........#
w......!...#


You could see a worm and a dart slug.

Vanquished Creatures
  An adder (D:2)
  2 leopard geckos (D:1)
  A bat (D:1)
  A giant cockroach (D:1)
  4 goblins (D:1)
  3 hobgoblins (D:1)
  2 frilled lizards (D:1)
  2 rats (D:1)
16 creatures vanquished.

Notes
Turn   | Place    | Note
-------+----------+-------------------------------------------
     0 | D:1      | Amnesiac the Halfling Fighter began the quest for the Orb.
     0 | D:1      | Reached XP level 1. HP: 15/15 MP: 1/1
   265 | D:1      | Reached skill level 1 in Throwing
   303 | D:1      | Reached XP level 2. HP: 20/20 MP: 2/2
   343 | D:1      | Reached skill level 1 in Dodging
   947 | D:2      | Reached XP level 3. HP: 25/25 MP: 3/3
   957 | D:2      | Quit the game

Vault maps used:
D:1:      shiori_arrival_maze
D:2:      lemuel_doored_altar, uniq_crazy_yiuf_cottage, uniq_robin

Skill      XL: |  1  2 |
---------------+-------+-----
Throwing       | 1 2 |  2.1
Dodging        | 1 |  1.5
Fighting       | |  2.6
Short Blades   | |  2.4
Armour         | |  3.2
Shields        | |  3.2

Action                   || total
-------------------------++-------
Melee: Rapier            ||    49
       Dagger            ||     9
Armor: Scale mail        ||    22
Dodge: Dodged            ||    11
Block: Shield            ||    30

Table legend:
 A = Spawn XP
 B = Non-spawn XP
 C = Spawn XP percentage of total XP
 D = Spawn monster count
 E = Non-spawn monster count
 F = Spawn count percentage of total count
 G = Total turns spent on level
                    A         B        C        D         E        F      G
               +---------+---------+-------+---------+---------+-------+---------
         Total |       0 |      41 |   0.0 |       0 |      16 |   0.0 |   957
               +---------+---------+-------+---------+---------+-------+---------
           D:1 |       0 |      28 |   0.0 |       0 |      15 |   0.0 |   933
           D:2 |       0 |      13 |   0.0 |       0 |       1 |   0.0 |    24
               +---------+---------+-------+---------+---------+-------+---------
